AoeStats
← BIG BUDDHA9396

MegaRandom

507869279Analyzed
2v2 RM · 13d ago on Sep 20, 2026· 44m 18s· 4 players
Game mode
Random Map
Map size
Medium (4 player)
Population
200
Speed
Normal
Resources
Standard
Victory
Conquest
Starting age
Dark Age
Ending age
Imperial Age
RankedLock teamsTeams togetherTeam positionsShared explorationLock speedFull tech treeHidden civsTurbo modeCheats
Victory
Defeat
🇺🇸 Portuguese · United States
629
+16
🇺🇸 Armenians · United States
570
+18
🇬🇧 Vietnamese · United Kingdom
623
-17
🇺🇸 Dravidians · United States
618
-17
|RAZER|Spider
6:31 Loom
12:28 Feudal Age
19:05 Wheelbarrow
18:15 Town Watch
19:33 Man-at-Arms
19:59 Arson
20:08 Fletching
20:29 Forging
20:20 Scale Mail Armor
20:33 Pikeman
23:53 Long Swordsman
24:58 Bloodlines
30:42 Castle Age
32:33 Iron Casting
31:54 Bodkin Arrow
32:56 Chain Mail Armor
33:05 Two-Handed Swordsman
33:31 Gambesons
37:09 Champion
Wogsy2010
0:59 Loom
1:05 Loom
10:45 Feudal Age
11:15 Double-Bit Axe
11:33 Horse Collar
18:33 Wheelbarrow
18:09 Gold Mining
20:59 Fletching
23:21 Castle Age
22:19 Stone Mining
24:58 Bow Saw
24:32 Crossbowman
25:11 Bodkin Arrow
26:10 Heavy Plow
27:04 Thumb Ring
27:21 Forging
30:43 Treadmill Crane
33:39 Imperial Age
32:08 Murder Holes
33:16 Stone Shaft Mining
35:07 Conscription
34:56 Cavalier
35:37 Husbandry
37:08 Scale Barding Armor
38:13 Chemistry
39:16 Iron Casting
40:14 Chain Barding Armor
41:54 Arquebus
42:29 Bloodlines
BIG BUDDHA9396
2:02 Loom
13:17 Feudal Age
15:18 Wheelbarrow
14:52 Fishing Lines
16:27 Town Watch
16:30 Horse Collar
16:41 Double-Bit Axe
16:53 Gold Mining
18:43 Stone Mining
22:32 Man-at-Arms
22:58 Arson
25:20 Castle Age
23:38 Fletching
23:49 Padded Archer Armor
24:50 Forging
25:35 Crossbowman
27:20 Stone Shaft Mining
27:41 Bloodlines
28:56 Hand Cart
28:57 Thumb Ring
29:37 Bow Saw
31:00 Squires
30:21 Long Swordsman
30:23 Pikeman
32:37 Town Patrol
32:58 Heavy Plow
33:23 Caravan
35:31 Elite Skirmisher
37:09 Gillnets
40:50 Chatras
42:49 Coinage
Babymunch x
12:20 Feudal Age
15:14 Loom
20:33 Castle Age
21:53 Wheelbarrow
23:37 Fishing Lines
31:42 Horse Collar
31:48 Double-Bit Axe
31:57 Gillnets
32:41 Fletching
32:58 Scale Barding Armor
34:40 Medical Corps
37:01 Hand Cart
39:30 Imperial Age
37:27 Caravan
39:46 Ballistics
42:06 Chemistry
40:43 Elite Urumi Swordsman
42:36 Forging
Connection lost

Rejoining the realm…

Still unreachable

The connection could not be restored.

Session expired

The server has moved on; the page needs a fresh start.